 Dungeon Crawl Stone Soup version 0.31.0-9-g3a7656b989 (webtiles) character file.

Game seed: 10825590972830517580

36 qw the Shooter (level 3, -4/20 HPs)
             Began as a Deep Elf Hunter on Feb 3, 2024.
             Slain by a goblin
             ... wielding a +0 dagger
             ... led by Robin
              (5 damage)
             ... on level 2 of the Dungeon.
             The game lasted 00:00:03 (563 turns).

qw the Shooter (Deep Elf Hunter)                     Turns: 563, Time: 00:00:03

Health: -4/20      AC:  3    Str: 10    XL:     3   Next: 19%
Magic:  5/5        EV: 12    Int: 13    God:
Gold:   41         SH:  0    Dex: 18    Spells: 2/2 levels left

rFire   . . .        a - +1 shortbow
rCold   . . .        (shield currently unavailable)
rNeg    . . .        c - +0 leather armour
rPois   .            (no helmet)
rElec   .            (no cloak)
rCorr   .            (no gloves)
SInv    .            (no boots)
Will    .....        (no amulet)
Stlth   ++           (no ring)
HPRegen 0.23/turn    (no ring)
MPRegen 0.09/turn

%: no passive effects
@: no status effects
A: no striking features
a: no special abilities


You were on level 2 of the Dungeon.
You visited 1 branch of the dungeon, and saw 2 of its levels.

You collected 41 gold pieces.


   Skills:
 - Level 1.5 Fighting
 + Level 6.8 Ranged Weapons
 - Level 2.4 Dodging
 - Level 1.2 Stealth


You had 2 spell levels left.
You didn't know any spells.
Your spell library was empty.

Inventory:

Hand Weapons
 a - a +1 shortbow (weapon)
Armour
 c - a +0 leather armour (worn)
Scrolls
 b - a scroll of teleportation {unknown}
Potions
 h - a potion of might {unknown}

Dungeon Overview and Level Annotations

Branches:
Dungeon (2/15)

Altars:

Annotations:
D:2 Robin


Message History

A hobgoblin comes into view. x2
The hobgoblin shouts!
You shoot an arrow.
The arrow hits the hobgoblin but does no damage.
Robin roars a battlecry!
The hobgoblins go into a battle-frenzy!
You hear a shout!
You shoot an arrow.
The arrow hits the hobgoblin but does no damage.
You hear a shout!
You shoot an arrow. The arrow hits the hobgoblin.
You kill the hobgoblin!
Robin throws the goblin at you!
A goblin comes into view. It is wielding a +0 dagger.
A goblin comes into view. It is wielding a +0 club.
The goblin hits you but does no damage.
You shoot an arrow.
The arrow hits the goblin but does no damage.
Robin throws the goblin at you!
A hobgoblin comes into view.
The goblin closely misses you. The goblin barely misses you.
You shoot an arrow. The arrow barely misses the hobgoblin.
The goblin misses you.
A goblin comes into view. It is wielding a +0 club.
The goblin hits you with a +0 club.
You shoot an arrow. The arrow hits the hobgoblin.
You kill the hobgoblin!
The goblin barely misses you. The goblin closely misses you.
The goblin hits you with a +0 club. The hobgoblin closely misses you.
The goblin hits you with a +0 dagger.
You shoot an arrow. The arrow barely misses the hobgoblin.
A goblin comes into view. It is wielding a +0 dagger.
The goblin misses you. The goblin hits you with a +0 dagger.
You shoot an arrow. The arrow hits the hobgoblin.
The hobgoblin is heavily wounded.
The goblin closely misses you. The goblin hits you with a +0 club.
The hobgoblin hits you.
You shoot an arrow. The arrow barely misses the hobgoblin.
The goblin barely misses you. The goblin hits you with a +0 dagger.
You die...

###### #....#####
##..<.....# ..
#.###.###.###....
##.# #............ #
+..###.###.###...
#.#.###..........#
.....<%..........#
##.)#.##.......g@#
#.
#.##.......gggg.ggg.
#
#.##.........#####.#
............##
#.###....... ...
.....## ... ####..
..


You could see Robin, 2 hobgoblins and 5 goblins.

Vanquished Creatures
  A dart slug (D:1)
  6 bats
  5 endoplasms (D:1)
  A giant cockroach (D:1)
  4 goblins (D:1)
  3 hobgoblins
  4 kobolds
  A ball python (D:1)
  4 frilled lizards (D:1)
  2 rats
31 creatures vanquished.

Notes
Turn   | Place    | Note
-------+----------+-------------------------------------------
     0 | D:1      | qw the Deep Elf Hunter began the quest for the Orb.
     0 | D:1      | Reached XP level 1. HP: 12/12 MP: 3/3
     0 | D:1      | 0 ||| qw: Version: 0.3-a-155-g5e7d8dd
     0 | D:1      | 0 ||| qw: Game counter: 3037
     0 | D:1      | 0 ||| qw: Melee chars always use a shield: true
     0 | D:1      | 0 ||| qw: God list: Okawaru
     0 | D:1      | 0 ||| qw: Allow faded altars: false
     0 | D:1      | 0 ||| qw: Do Orc after clearing Dungeon:15 true
     0 | D:1      | 0 ||| qw: Do second Lair branch before Depths: true
     0 | D:1      | 0 ||| qw: Lair rune preference: random
     0 | D:1      | 0 ||| qw: Goals: Normal
     0 | D:1      | 0 ||| PLANNING D:1-11
    93 | D:1      | Reached skill level 6 in Ranged Weapons
    93 | D:1      | Reached XP level 2. HP: 16/16 MP: 4/4
   342 | D:1      | Reached XP level 3. HP: 16/20 MP: 5/5
   414 | D:1      | Found a faded altar of an unknown god.
   505 | D:1      | 505 ||| READING scroll labelled FOMIDW XIQUE.
   506 | D:1      | 506 ||| READING scroll labelled EDOAMMO SYIH.
   507 | D:1      | 507 ||| READING scroll labelled MERHEIDEBO.
   508 | D:1      | 508 ||| READING scroll labelled OQAPNO TAMAO.
   508 | D:1      | 508 ||| ENCHANTING +0 shortbow.
   509 | D:1      | 509 ||| DROPPING scroll of butterflies.
   554 | D:2      | Noticed Robin
   562 | D:2      | HP: 1/20 [hobgoblin[Robin] (5)]
   563 | D:2      | Slain by a goblin

Levels and vault maps discovered:
D:1:      evilmike_arrival_plus, layout_basic,
          shapermc_ecumenical_altar_mp_vishouse, minmay_pentomino_s2
D:2:      layout_loops_ring, serial_shops, nicolae_shop_rolling_square, shop,
          minmay_divided_ellipse, uniq_robin, uniq_natasha

Skill      XL: |  1 |
---------------+----+-----
Ranged Weapons | 6 |  6.8
Fighting       | |  1.5
Dodging        | |  2.4
Stealth        | |  1.2

Action                     || total
---------------------------++-------
   Fire: Shortbow          ||    69
    Use: Scroll            ||     4
 Armour: Leather armour    ||    20
  Dodge: Dodged            ||    14

Table legend:
 A = Non-vault XP
 B = Vault XP
 C = Vault XP percentage of total XP
 D = Non-vault monster count
 E = Vault monster count
 F = Vault count percentage of total count
                 A         B        C        D         E       F
            +---------+---------+-------+---------+---------+-------
      Total |      44 |       8 |  15.4 |      27 |       4 |  12.9
            +---------+---------+-------+---------+---------+-------
        D:1 |      39 |       4 |   9.3 |      23 |       2 |   8.0
        D:2 |       5 |       4 |  44.4 |       4 |       2 |  33.3
            +---------+---------+-------+---------+---------+-------
